 Dungeon Crawl Stone Soup version 0.20.1-1-g8b1a95d (webtiles) character file.

121 Liatris the Covered (level 5, -6/46 HPs)
             Began as a Hill Orc Fighter on Aug 9, 2017.
             Was an Initiate of Ashenzari.
             Killed by divine providence
             ... invoked by an orc priest
              (12 damage)
             ... on level 3 of the Dungeon.
             The game lasted 00:36:51 (2615 turns).

Liatris the Covered (Hill Orc Fighter)              Turns: 2615, Time: 00:36:57

Health: -6/46      AC:  9    Str: 20    XL:     5   Next: 5%
Magic:  5/5        EV:  5    Int:  8    God:    Ashenzari [......]
Gold:   119        SH:  8    Dex: 10    Spells: 4/4 levels left

rFire    . . .     SeeInvis .   a - +0 long sword
rCold    . . .     Gourm    .   c - +0 shield
rNeg     . . .     Faith    .   r - +0 chain mail
rPois    .         Spirit   .   (no helmet)
rElec    .         Reflect  .   (no cloak)
rCorr    .         Harm     .   (no gloves)
MR       .....                  (no boots)
Stlth    ..........             (no amulet)
Regen    0.2/turn               (no ring)
MPRegen  0.1/turn               (no ring)

@: lethally poisoned (-6 -> -9), heavily drained
A: no striking features
a: Curse Item, Renounce Religion, Convert to Beogh


You were on level 3 of the Dungeon.
You worshipped Ashenzari.
Ashenzari was noncommittal.
You were not hungry.

You visited 1 branch of the dungeon, and saw 3 of its levels.

You collected 119 gold pieces.

Inventory:

Hand Weapons
 a - a +0 long sword (weapon)
 g - a +0 whip
 m - a +0 dagger
 p - a +0 club
 v - a +0 dagger
Missiles
 o - 49 arrows
 q - 9 poisoned needles
Armour
 b - a +0 scale mail
 c - a +0 shield (worn)
 e - a +0 leather armour
 h - a +0 chain mail
 r - a +0 chain mail (worn)
Jewellery
 w - an uncursed ring of wizardry
Scrolls
 j - a scroll of teleportation
 k - a scroll of blinking {unknown}
 l - 3 scrolls of random uselessness
 s - a scroll of enchant armour {unknown}
 t - a scroll of magic mapping {unknown}
 u - a scroll of identify {unknown}
Potions
 i - a potion of lignification {unknown}
 n - 2 potions of invisibility {unknown}
Comestibles
 d - a meat ration
 f - 2 royal jellies


   Skills:
 + Level 4.2(2.7) Fighting
 + Level 3.3(1.8) Long Blades
 + Level 4.3(2.8) Armour
 + Level 0.5(0.0) Dodging
 + Level 0.1(0.0) Stealth
 + Level 3.9(2.4) Shields


You had 4 spell levels left.
You didn't know any spells.

Dungeon Overview and Level Annotations

Branches:
Dungeon (3/15)

Altars:
Ashenzari


Message History

The frilled lizard is heavily wounded.
The adder bites you.
You are poisoned.
The adder poisons you! You block the frilled lizard's attack.
You block the adder's attack.
You miss the frilled lizard.
The frilled lizard is heavily wounded.
You feel sick. You block the adder's attack.
The frilled lizard bites you but does no damage.
The orc wizard points at you and mumbles some strange words.
The puff of flame hits you!
* * * LOW HITPOINT WARNING * * *
The adder bites you but does no damage.
You feel sick.
The orc wizard gestures at you while chanting.
The puff of flame hits you!
* * * LOW HITPOINT WARNING * * *
The orc priest mumbles some strange prayers to Beogh against you.
Beogh smites you!
You die...

#....#########.#..#
#......#...#......#
#....#.#.#.#.#.#....#
#...o#.#.#.#.#....#..
####o#.#.#†#.#.(#.###
##.#.#.#.#.#..#.# ###
#..#.#.#.#.#..#.#
....##..#.#.#.#.#...
#....@#.).#...#...
##...l#########.#..
........S......
...........####
.............
#############.# #


You could see an orc priest, an orc wizard, an adder and a frilled lizard.

Vanquished Creatures
  Terence (D:2)
  4 gnolls (D:2)
  2 adders (D:2)
  A leopard gecko (D:1)
  2 ball pythons (D:1)
  2 giant cockroaches (D:2)
  7 goblins
  7 hobgoblins
  2 jackals (D:1)
  6 bats
  2 frilled lizards
  4 kobolds
  6 rats
46 creatures vanquished.

Notes
Turn   | Place    | Note
-------+----------+-------------------------------------------
     0 | D:1      | Liatris the Hill Orc Fighter began the quest for the Orb.
     0 | D:1      | Reached XP level 1. HP: 19/19 MP: 1/1
   255 | D:1      | Reached XP level 2. HP: 27/27 MP: 2/2
  1542 | D:2      | Reached XP level 3. HP: 31/33 MP: 3/3
  1711 | D:2      | Found a shattered altar of Ashenzari.
  1817 | D:2      | Noticed Terence
  1843 | D:2      | Killed Terence
  1843 | D:2      | Reached XP level 4. HP: 18/40 MP: 4/4
  1855 | D:2      | Became a worshipper of Ashenzari the Shackled
  2508 | D:2      | Reached XP level 5. HP: 11/46 MP: 5/5
  2615 | D:3      | Killed from afar by an orc priest

Skill      XL: |  1  2  3 |
---------------+----------+-----
Fighting       | 4 |  4.2
Long Blades    | 3 |  3.3
Armour         | 4 |  4.3
Dodging        | |  0.5
Stealth        | |  0.1
Shields        | |  3.9

Action                   |  1- 3 |  4- 6 || total
-------------------------+-------+-------++-------
Melee: Long sword        |   101 |    81 ||   182
  Use: Scroll            |     3 |       ||     3
       Potion            |       |     2 ||     2
  Eat: Bread ration      |     1 |       ||     1
       Royal jelly       |       |     1 ||     1
Armor: Scale mail        |    18 |       ||    18
       Chain mail        |    53 |    85 ||   138
Dodge: Dodged            |    32 |    35 ||    67
Block: Shield            |    58 |    63 ||   121
       Rpst.: Long sword |     5 |    15 ||    20
